 Dungeon Crawl Stone Soup version 0.21.0-3-g78d12a8 (webtiles) character file.

132248 theElss the Tortoise (level 17, -2/115 HPs)
             Began as a Gargoyle Berserker on Jan 16, 2018.
             Was a High Priest of Trog.
             Slain by a stone giant (14 damage)
             ... on level 1 of the Depths on Jan 17, 2018.
             The game lasted 02:00:47 (29826 turns).

theElss the Tortoise (Gargoyle Berserker)          Turns: 29826, Time: 02:00:47

Health: -2/115     AC: 44    Str: 28    XL:     17   Next: 12%
Magic:  17/17      EV:  9    Int: 18    God:    Trog [*****.]
Gold:   2397       SH: 15    Dex:  9    Spells: 16/16 levels left

rFire    + . .     SeeInvis .   O - +8 whip "Snakebite" {curare, rPois}
rCold    + + +     Gourm    .   t - +2 buckler {AC+3}
rNeg     + + .     Faith    .   W - +0 plate armour {rC+}
rPois    ∞         Spirit   .   g - +0 helmet {Int+3}
rElec    +         Reflect  +   K - +2 cloak
rCorr    .         Harm     .   b - +1 pair of gloves
MR       +....                  w - +0 pair of boots
Stlth    ..........             E - brooch of Shielding {Reflect SH+8}
HPRegen  0.29/turn              X - ring "Nex Imik" {rC+ Str+3 Int+4 Stlth-}
MPRegen  0.15/turn              k - ring "Anes" {rF+ rC+ rN+}

@: berserk cooldown, flying, slowed, very slow
A: big wings, negative energy resistance 1, electricity resistance, unbreathing,
petrification resistance, rot immunity, AC +12
a: Stop Flying, Berserk, Trog's Hand, Brothers in Arms, Burn Spellbooks,
Renounce Religion


You were on level 1 of the Depths.
You worshipped Trog.
Trog was extremely pleased with you.
You were very hungry.

You visited 4 branches of the dungeon, and saw 24 of its levels.
You also visited: Labyrinth, Ossuary, Bailey and Ice Cave.

You collected 2622 gold pieces.
You spent 225 gold pieces at shops.

Inventory:

Hand Weapons
 n - a +3 antimagic dire flail
 z - the +8 trident "Bualammi" {vamp, +Rage Dex+4, unknown}
   (You took it off a minotaur in a labyrinth)

   It inflicts no extra harm, but heals its wielder when it wounds a living foe.
   It affects your dexterity (+4).
   It lets you go berserk.
 C - a +4 antimagic eveningstar
 O - the +8 whip "Snakebite" (weapon) {curare, rPois}
   (You found it on level 1 of the Lair of Beasts)

   It poisons the flesh of those it strikes.
   It protects you from poison.
 T - the +1 hunting sling of Optimality {freeze, SInv}
   (You found it on level 11 of the Dungeon)

   It causes projectiles fired from it to freeze those they strike, causing
   extra injury to most foes and up to half again as much damage against
   particularly susceptible opponents.
   They can also slow down cold-blooded creatures.
   It lets you see invisible.
 Z - a +1 antimagic demon whip
Armour
 b - a +1 pair of gloves (worn)
 g - a +0 helmet of intelligence (worn)
 t - a +2 buckler of protection (worn)
 w - a +0 pair of boots (worn)
 K - a +2 cloak (worn)
 Q - a +1 cloak
 W - a +0 plate armour of cold resistance (worn)
Jewellery
 i - an uncursed ring of positive energy
 k - the ring "Anes" (right hand) {rF+ rC+ rN+}
   (You took it off a minotaur in a labyrinth)

   [ring of positive energy]

   It protects you from fire.
   It protects you from cold.
   It protects you from negative energy.
 A - an uncursed amulet of faith
 D - the ring of Opteczih {+Inv rPois MR+ Dex-5}
   (You found it on level 6 of the Lair of Beasts)

   [ring of protection from magic]

   It affects your dexterity (-5).
   It protects you from poison.
   It affects your resistance to hostile enchantments.
   It lets you turn invisible.
 E - the brooch of Shielding (around neck) {Reflect SH+8}
   (You found it on level 11 of the Dungeon)

   [amulet of reflection]

   It shields you and reflects attacks.
   It affects your SH (+8).
 F - the ring of the Mage {Wiz MR++ Int+3}
   (You found it in a labyrinth)

   [ring of wizardry]

   It improves your spell success rate.
   It affects your intelligence (+3).
   It affects your resistance to hostile enchantments.
 H - an uncursed ring of see invisible
 I - the ring "Eghap" {Ice -Tele Int-2 Dex+9}
   (You found it on level 11 of the Dungeon)

   [ring of ice]

   It enhances your ice magic.
   It affects your intelligence (-2).
   It affects your dexterity (+9).
   It makes you vulnerable to fire.
   It protects you from cold.
   It prevents most forms of teleportation.
 L - the ring "Zuurau" {rCorr rPois rC- Str+2}
   (You found it in a labyrinth)

   [ring of resist corrosion]

   It affects your strength (+2).
   It makes you vulnerable to cold.
   It protects you from poison.
 M - a +3 amulet of reflection
 V - a +4 ring of strength
 X - the ring "Nex Imik" (left hand) {rC+ Str+3 Int+4 Stlth-}
   (You took it off a deep elf mage on level 13 of the Dungeon)

   [ring of loudness]

   It affects your strength (+3).
   It affects your intelligence (+4).
   It protects you from cold.
   It makes you less stealthy.
 Y - an uncursed amulet of regeneration
Wands
 p - a wand of paralysis (24)
 u - a wand of flame (27)
 x - a wand of digging (16)
 G - a wand of acid (10)
 U - a wand of enslavement (7)
Scrolls
 d - 7 scrolls of fog
 h - 10 scrolls of remove curse
 j - 2 scrolls of enchant armour
 o - 3 scrolls of magic mapping
 q - 6 scrolls of teleportation
 r - 3 scrolls of identify
 s - a scroll of fear
 y - 5 scrolls of blinking
 B - a scroll of brand weapon
 P - a scroll of vulnerability {unknown}
Potions
 e - 20 potions of curing
 f - 3 potions of agility
 l - 4 potions of resistance
 m - 2 potions of magic
 J - 3 potions of haste
 R - 5 potions of heal wounds
Books
 S - a book of Death

   Spells                             Type                      Level
   a - Corpse Rot                     Necromancy                   2
   b - Sublimation of Blood           Necromancy                   2
   c - Agony                          Necromancy                   5
   d - Dispel Undead                  Necromancy                   5
   e - Excruciating Wounds            Charms/Necromancy            5
   f - Bolt of Draining               Conjuration/Necromancy       5
   Trog disapproves of the use of such an item.
Miscellaneous
 a - a lamp of fire
 N - a box of beasts
Comestibles
 c - 40 rations


   Skills:
 + Level 16.1 Fighting
 + Level 17.8 Maces & Flails
 * Level 18.5 Armour
 - Level 1.6 Dodging
 - Level 5.6 Shields


You had 16 spell levels left.
You didn't know any spells.

Dungeon Overview and Level Annotations

Branches:
Dungeon (15/15)            Temple (0/1) D:4            Lair (6/6) D:11
 Shoals (0/4) Lair:3        Snake (0/4) Lair:2        Slime (0/5) Lair:5
    Orc (2/2) D:9             Elf (0/3) Orc:2        Vaults (0/5) D:14
 Depths (1/5) D:15

Altars:
Dithmenos
Elyvilon
Fedhas
Nemelex Xobeh
Qazlal
Trog
Beogh
Jiyva

Shops:
D:6 [   D:9 :   D:10 =   D:13 %   D:14 =   Orc:2 :?(?

Portals:
Hell: Depths:1

Annotations:
Lair:2 exclusion: 2 oklob plants
Lair:6 exclusion: oklob plant


Innate Abilities, Weirdness & Mutations

You are resistant to torment.
Your stone body is resilient. (AC +12)
You are immune to poison.
Your large and strong wings let you fly indefinitely.
You resist negative energy. (rN+)
You are resistant to electric shocks. (rElec)
You can survive without breathing.
You are immune to petrification.
You are immune to rotting.


Message History

You feel yourself slow down.
The stone giant throws a large rock.
The large rock hits you but does no damage.
The stone giant throws a large rock.
The large rock hits you.
* * * LOW HITPOINT WARNING * * *
You see here a large rock.
The stone giant throws a large rock.
The large rock hits you but does no damage.
You see here a large rock.
You block the stone giant's attack. The stone giant hits you!!
* * * LOW HITPOINT WARNING * * *
You whack the stone giant!
The stone giant is poisoned.
The stone giant looks as sick as possible!
The stone giant convulses.
The stone giant seems to slow down.
The stone giant is moderately wounded.
You hit the stone giant but do no damage.
The stone giant looks as sick as possible!
The stone giant is moderately wounded.
The stone giant hits you!
You die...

............(.(......≈≈≈≈≈....#
...(..(.........(...≈≈###≈≈...#
.....##.#.....(.....≈#####≈...#
..##.#.#(#..####...≈###.###≈..#
..##..#.#...# #...≈##...##≈..#
..##..#.#...# #(..≈#≈.∩.##≈..#
.. . ##..# #(..≈≈#...##≈..# ...
#...≈###.###≈..# #.
#@...≈#####≈...#
####C...≈≈###≈≈...#
#.##..)..≈≈≈≈≈....#
#.###.(†........#.#
##C####)..(##...##.#
#TTC.)(........)...#
#.T##.############## #((#.##
#)*.#


You could see a stone giant.

Vanquished Creatures
  Gastronok (D:12)
  A sphinx (D:11)
  A frost giant (Depths:1)
  A fire giant (Depths:1)
  An orc warlord (Orc:1)
  A reaper (IceCv)
  3 stone giants
  Nessos (D:14)
  A vampire knight (D:15)
  5 ettins
  Snorg (D:10)
  A minotaur (Lab)
  4 ogre magi
  A great orb of eyes (Depths:1)
  A fire dragon (D:15)
  7 hydras
  4 vault guards (D:14)
  2 rakshasas
  Erica (D:10)
  3 centaur warriors
  3 catoblepae (Lair:6)
  14 two-headed ogres
  8 death yaks (Lair:6)
  A deep troll earth mage (Depths:1)
  3 tengu warriors
  4 orc high priests (Orc:2)
  3 hell knights (Depths:1)
  Nergalle (D:10)
  4 skeletal warriors (D:14)
  2 wizards
  2 unseen horrors
  3 deep trolls (Depths:1)
  3 orc knights
  3 deep elf magi
  A harpy (shapeshifter) (D:13)
  A lindwurm (Lair:6)
  13 ugly things
  3 orc sorcerers
  2 necromancers (Depths:1)
  A manticore (shapeshifter) (D:13)
  5 manticores
  4 cyclopes
  7 elephants (Lair:6)
  Joseph (D:7)
  7 black mambas
  Maurice (D:8)
  A merfolk siren (Lair:3)
  2 ice statues (IceCv)
  4 centaur skeletons
  2 rime drakes (Lair:4)
  6 gargoyles
  5 spiny frogs
  6 komodo dragons
  6 ice devils (IceCv)
  3 kobold demonologists
  2 efreet (D:14)
  4 yaktaurs
  8 polar bears
  A tengu conjurer (Depths:1)
  6 trolls
  2 hornets
  4 slime creatures
  11 blink frogs
  8 dream sheep
  12 hippogriffs
  A wraith (D:13)
  A basilisk (D:11)
  A human (shapeshifter) (D:11)
  3 water elementals
  A vampire (D:14)
  4 hungry ghosts
  3 wyverns
  52 yaks
  2 shadows (D:12)
  10 vampire mosquitoes
  The ghost of Nanban the Covert, an amateur OpAs of Sif Muna (D:3)
  2 acid dragons
  7 wargs
  The ghost of happinesssam the Cudgeler, an amateur TeGl of Elyvilon (D:4)
  2 nagas (Lair:2)
  14 water moccasins
  A soldier ant (D:12)
  20 orc warriors
  5 porcupines
  14 ice beasts
  12 ogres
  3 phantoms
  4 sky beasts
  3 boggarts (Depths:1)
  A necrophage (D:9)
  5 black bears
  7 wolves
  10 centaurs
  9 crocodiles
  6 big kobolds
  16 bullfrogs
  A wyvern skeleton (D:13)
  5 scorpions
  8 killer bees
  6 wights
  2 vampire bats (Lair:5)
  2 howler monkeys
  8 electric eels
  4 bullfrog zombies
  4 centaur zombies
  5 crimson imps
  5 quasits
  8 jellies
  5 hounds
  25 orc wizards
  A human zombie (Ossuary)
  38 orc priests
  8 bullfrog skeletons
  4 iguanas
  Natasha (thrice) (D:3)
  7 worker ants
  3 big kobold zombies (Ossuary)
  A hound zombie (D:11)
  A howler monkey zombie (D:5)
  4 mummies (Ossuary)
  14 adders
  4 shadow imps
  11 white imps (IceCv)
  6 ufetubi (IceCv)
  7 oozes
  3 adder skeletons
  8 worms
  3 dart slugs
  3 leopard geckos
  120 orcs
  3 ball pythons
  4 giant cockroaches
  2 goblins (D:2)
  6 hobgoblins
  13 jackals
  6 quokkas
  13 bats
  A frilled lizard (D:2)
  A hobgoblin zombie (Ossuary)
  A jackal skeleton (D:8)
  25 kobolds
  An orc zombie (Ossuary)
  3 quokka skeletons
  A quokka zombie (D:5)
  8 rats
  A plant (D:11)
881 creatures vanquished.

Vanquished Creatures (collateral kills)
  A two-headed ogre (D:13)
  3 orc knights (Bailey)
  A gargoyle (D:13)
  A hungry ghost (D:13)
  An orc warrior (Bailey)
  A killer bee (D:8)
  A worker ant (D:13)
9 creatures vanquished.

Vanquished Creatures (others)
  2 shadows (D:14)
  An ogre (Depths:1)
  A white imp (IceCv)
  4 ufetubi (IceCv)
  An orc (Orc:1)
  A fungus (Lair:6)
  A plant (Lair:6)
  9 toadstools (Lair:2)
20 creatures vanquished.

Grand Total: 910 creatures vanquished

Notes
Turn   | Place    | Note
-------+----------+-------------------------------------------
     0 | D:1      | theElss the Gargoyle Berserker began the quest for the Orb.
     0 | D:1      | Reached XP level 1. HP: 14/14 MP: 1/1
   269 | D:1      | Reached XP level 2. HP: 19/19 MP: 2/2
   713 | D:2      | Reached skill level 1 in Shields
   836 | D:2      | Reached XP level 3. HP: 23/23 MP: 3/3
  1324 | D:2      | Reached XP level 4. HP: 28/28 MP: 4/4
  1633 | D:3      | Noticed Nanban's ghost (amateur OpAs)
  1635 | D:3      | Reached ** piety under Trog
  1652 | D:3      | Killed Nanban's ghost
  1652 | D:3      | Reached skill level 5 in Shields
  1652 | D:3      | Reached XP level 5. HP: 32/32 MP: 5/5
  1743 | D:3      | Noticed a black bear
  1763 | D:3      | Killed a black bear
  1763 | D:3      | Reached XP level 6. HP: 38/38 MP: 6/6
  1939 | D:3      | Noticed Natasha
  1957 | D:3      | Killed Natasha
  2139 | D:3      | Reached XP level 7. HP: 42/44 MP: 7/7
  2215 | D:3      | Noticed Natasha
  2231 | D:3      | Killed Natasha
  2231 | D:3      | Reached skill level 5 in Maces & Flails
  2416 | D:3      | Noticed Natasha
  2424 | D:3      | Killed Natasha
  2656 | D:4      | Found a blossoming altar of Fedhas.
  2943 | D:4      | Reached skill level 3 in Armour
  3000 | D:4      | Reached *** piety under Trog
  3294 | D:4      | Noticed happinesssam's ghost (amateur TeGl)
  3295 | D:4      | Found a staircase to the Ecumenical Temple.
  3339 | D:4      | Killed happinesssam's ghost
  3339 | D:4      | Reached skill level 5 in Fighting
  3339 | D:4      | Reached XP level 8. HP: 41/49 MP: 8/8
  3543 | D:4      | Reached skill level 4 in Armour
  3787 | D:5      | Entered Level 5 of the Dungeon
  4389 | D:5      | Found a shadowy altar of Dithmenos.
  4595 | D:6      | Reached skill level 5 in Armour
  4799 | D:6      | Found a sand-covered staircase.
  4805 | Ossuary  | Entered an ossuary
  4958 | Ossuary  | Reached **** piety under Trog
  5066 | Ossuary  | Reached XP level 9. HP: 55/55 MP: 9/9
  5104 | D:6      | Found Ufoy's Antique Armour Emporium.
  5656 | D:7      | Reached skill level 6 in Armour
  5747 | D:7      | Noticed Joseph
  5784 | D:7      | Killed Joseph
  5845 | D:7      | Found a sparkling altar of Nemelex Xobeh.
  6340 | D:7      | Reached skill level 7 in Armour
  6920 | D:8      | Reached ***** piety under Trog
  7161 | D:8      | Noticed Maurice
  7361 | D:7      | Reached XP level 10. HP: 61/61 MP: 8/10
  7370 | D:7      | Reached skill level 8 in Armour
  7501 | D:8      | Killed Maurice
  7550 | D:8      | Noticed a two-headed ogre
  7561 | D:8      | Killed a two-headed ogre
  7561 | D:8      | Reached skill level 10 in Maces & Flails
  7683 | D:8      | Reached skill level 9 in Armour
  8206 | D:9      | Found a flagged portal.
  8219 | Bailey   | Entered a bailey
  8488 | Bailey   | Noticed an orc knight
  8488 | Bailey   | Noticed an orc knight
  8532 | Bailey   | Killed an orc knight
  8714 | Bailey   | Noticed an orc knight
  8730 | Bailey   | Noticed an orc knight
  8740 | Bailey   | Killed an orc knight
  8745 | Bailey   | Killed an orc knight
  8746 | Bailey   | Reached skill level 10 in Armour
  8750 | Bailey   | Killed an orc knight
  8978 | D:9      | Found a staircase to the Orcish Mines.
  9032 | D:9      | Reached XP level 11. HP: 66/68 MP: 9/11
  9050 | D:9      | Found Govoahy's Book Emporium.
  9056 | D:9      | Noticed a moth of wrath
  9059 | D:9      | Found a bloodstained altar of Trog.
  9646 | D:10     | Entered Level 10 of the Dungeon
  9722 | D:10     | You fall through a shaft for 3 floors!
  9725 | D:13     | Noticed a cyclops
  9730 | D:13     | Killed a cyclops
  9762 | D:13     | Noticed a deep elf mage
  9779 | D:13     | Noticed an orc sorcerer
  9787 | D:13     | Killed a deep elf mage
  9799 | D:13     | Killed an orc sorcerer
  9849 | D:13     | Got a glittering brass ring
  9925 | D:13     | Noticed a two-headed ogre
  9940 | D:13     | Reached skill level 11 in Armour
  9948 | D:13     | Noticed a harpy
  9948 | D:13     | a komodo dragon changed into a harpy
  9950 | D:13     | Killed a two-headed ogre
  9963 | D:13     | Killed a harpy
  9971 | D:13     | Killed an unseen horror
 10112 | D:13     | Received a gift from Trog
 10161 | D:13     | Noticed a manticore
 10174 | D:13     | Killed a manticore
 10186 | D:13     | Paralysed by fainting for 12 turns
 10189 | D:13     | Noticed a two-headed ogre
 10203 | D:13     | Killed a two-headed ogre
 10203 | D:13     | Reached XP level 12. HP: 47/76 MP: 9/12
 10399 | D:13     | Noticed a two-headed ogre
 10411 | D:13     | Killed a two-headed ogre
 10538 | D:13     | Identified the ring "Nex Imik" {rC+ Str+3 Int+4 Stlth-} (You took it off a deep elf mage on level 13 of the Dungeon)
 10630 | D:13     | Found Kickoa's Food Shoppe.
 10700 | D:13     | Reached skill level 12 in Armour
 10998 | D:13     | Reached skill level 10 in Fighting
 11181 | D:10     | Noticed Snorg
 11199 | D:10     | Killed Snorg
 11365 | D:10     | Found Voffif's Jewellery Emporium.
 11450 | D:10     | Noticed Nergalle
 11460 | D:10     | Killed Nergalle
 11592 | D:10     | Noticed Erica
 11620 | D:10     | Killed Erica
 12051 | D:11     | Found a runed door.
 12121 | D:11     | Received a gift from Trog
 12125 | D:11     | Found a stormy altar of Qazlal.
 12635 | D:11     | Reached skill level 13 in Armour
 12867 | D:11     | Found a staircase to the Lair.
 12966 | D:11     | Noticed a sphinx
 12967 | D:11     | Found the brooch of Shielding {Reflect SH+8}
 13008 | D:11     | Paralysed by a sphinx for 2 turns
 13011 | D:11     | Killed a sphinx
 13011 | D:11     | Reached XP level 13. HP: 70/84 MP: 4/13
 13034 | D:11     | Got a crude marble ring
 13043 | D:11     | Got an iridescent hunting sling
 13047 | D:11     | Identified the ring "Eghap" {Ice -Tele Int-2 Dex+9} (You found it on level 11 of the Dungeon)
 13068 | D:11     | Identified the cursed +1 hunting sling of Optimality {freeze, SInv} (You found it on level 11 of the Dungeon)
 13072 | D:11     | Identified 2 scrolls of acquirement
 13278 | D:12     | Found a huge runed gate.
 13278 | D:12     | Found a huge runed gate.
 13278 | D:12     | Found a huge runed gate.
 13279 | D:12     | Found a huge runed gate.
 13350 | D:12     | Noticed Gastronok
 13369 | D:12     | Killed Gastronok
 13713 | D:12     | Reached skill level 14 in Armour
 13754 | D:12     | Reached ****** piety under Trog
 14394 | D:14     | Found a white marble altar of Elyvilon.
 14563 | D:14     | Found Kaureczaqa's Jewellery Boutique.
 14600 | D:14     | Bought an uncursed ring of see invisible for 225 gold pieces
 14702 | D:14     | Gained mutation: Your large and strong wings let you fly indefinitely. [Gargoyle growth]
 14702 | D:14     | Reached XP level 14. HP: 79/92 MP: 14/14
 14726 | D:14     | Reached skill level 15 in Maces & Flails
 14860 | D:14     | Found a gate to the Vaults.
 14970 | D:14     | Noticed Nessos
 15019 | D:14     | Killed Nessos
 15797 | Lair:1   | Entered Level 1 of the Lair of Beasts
 15930 | Lair:1   | Reached skill level 15 in Armour
 15965 | Lair:1   | Received a gift from Trog
 16248 | Lair:1   | Found the +4 skin of Zhor {rC+++}
 16544 | Lair:1   | Found the +8 whip "Snakebite" {curare, rPois}
 16983 | Lair:2   | Found a staircase to the Snake Pit.
 17967 | Lair:3   | Found a frozen archway.
 18011 | IceCv    | Entered an ice cave
 18461 | IceCv    | Noticed a reaper
 18495 | IceCv    | Killed a reaper
 18612 | IceCv    | Received a gift from Trog
 19118 | Lair:3   | Reached XP level 15. HP: 99/99 MP: 15/15
 19279 | Lair:3   | Found a staircase to the Shoals.
 20664 | Lair:5   | Found a viscous altar of Jiyva.
 20665 | Lair:5   | Found a staircase to the Slime Pits.
 21241 | Lair:6   | Entered Level 6 of the Lair of Beasts
 21423 | Lair:6   | Reached skill level 16 in Armour
 22207 | Lair:6   | Received a gift from Trog
 22295 | Lair:6   | Got a warped turquoise ring
 22300 | Lair:6   | Identified the ring of Opteczih {+Inv rPois MR+ Dex-5} (You found it on level 6 of the Lair of Beasts)
 23206 | Orc:1    | Entered Level 1 of the Orcish Mines
 23513 | Orc:1    | Noticed an orc warlord
 23561 | Orc:1    | Killed an orc warlord
 23940 | Orc:2    | Entered Level 2 of the Orcish Mines
 24166 | Orc:2    | Found a labyrinth entrance.
 24170 | Orc:2    | Found a staircase to the Elven Halls.
 24207 | Lab      | Entered a labyrinth
 24275 | Lab      | Reached skill level 17 in Armour
 24275 | Lab      | Reached XP level 16. HP: 107/107 MP: 16/16
 25029 | Lab      | Paralysed by fainting for 11 turns
 25057 | Lab      | Paralysed by fainting for 8 turns
 25124 | Lab      | Found the ring of the Mage {Wiz MR++ Int+3}
 25135 | Lab      | Got a scintillating wooden ring
 25138 | Lab      | Got a dazzling trident {vamp}
 25141 | Lab      | Got a bound tin ring
 25229 | Orc:1    | Identified the ring "Zuurau" {rCorr rPois rC- Str+2} (You found it in a labyrinth)
 25231 | Orc:1    | Identified the ring "Anes" {rF+ rC+ rN+} (You took it off a minotaur in a labyrinth)
 25732 | Orc:2    | Reached skill level 15 in Fighting
 26040 | Orc:2    | Found a roughly hewn altar of Beogh.
 26057 | Orc:2    | Found Voschuppe's Magic Scroll Emporium.
 26057 | Orc:2    | Found Iphoskem's Antique Weapon Boutique.
 26138 | Orc:2    | Found Soizut's Book Boutique.
 26283 | Orc:2    | Found Erghuprelab's Magic Scroll Emporium.
 26787 | D:15     | Entered Level 15 of the Dungeon
 27142 | D:14     | Received a gift from Trog
 27745 | D:15     | Found a staircase to the Depths.
 28002 | Depths:1 | Entered Level 1 of the Depths
 28444 | D:15     | Reached skill level 18 in Armour
 28738 | Depths:1 | Paralysed by a wizard for 2 turns
 29572 | Depths:1 | Received a gift from Trog
 29662 | Depths:1 | Found a gateway to Hell.
 29736 | Depths:1 | Reached XP level 17. HP: 94/115 MP: 17/17
 29826 | Depths:1 | Slain by a stone giant

Skill      XL: |  1  2  3  4  5  6  7  8  9 10 11 12 13 14 15 16 |
---------------+-------------------------------------------------+-----
Shields        | 1 3 5 |  5.6
Maces & Flails | 4 6 7 9 10 12 13 14 16 17 | 17.8
Fighting       | 4 5 6 8 9 11 12 13 14 16 | 16.1
Armour         | 3 5 7 10 11 13 14 15 17 18 | 18.5
Dodging        | |  1.6

Action                   |  1- 3 |  4- 6 |  7- 9 | 10-12 | 13-15 | 16-18 || total
-------------------------+-------+-------+-------+-------+-------+-------++-------
Melee: Mace              |    98 |   100 |       |       |       |       ||   198
       Whip              |       |     7 |   897 |   139 |  1037 |   834 ||  2914
       Unarmed           |       |       |     3 |     9 |       |       ||    12
       Flail             |       |       |       |   421 |       |       ||   421
       Demon whip        |       |       |       |   355 |   111 |       ||   466
       Morningstar       |       |       |       |       |   603 |       ||   603
Invok: Berserk           |     1 |     4 |     3 |    11 |     4 |     2 ||    25
       Brothers in Arms  |       |       |     1 |     2 |     1 |       ||     4
       Trog's Hand       |       |       |       |     1 |     2 |     1 ||     4
 Abil: Fly               |       |       |       |       |     1 |       ||     1
  Use: Scroll            |       |       |    10 |     8 |    13 |       ||    31
       Potion            |       |       |       |       |     1 |       ||     1
  Eat: Chunk             |     2 |     6 |    13 |    27 |    30 |    16 ||    94
       Ration            |       |       |     3 |     2 |     4 |     1 ||    10
Armor: Animal skin       |    27 |    48 |    16 |       |       |       ||    91
       Plate armour      |       |       |   413 |   482 |   584 |   332 ||  1811
       Skin              |       |       |    13 |    27 |       |       ||    40
       Scale mail        |       |       |       |   102 |       |       ||   102
Dodge: Dodged            |    47 |    72 |   213 |   287 |   289 |   160 ||  1068
Block: Buckler           |    12 |    20 |   132 |   194 |   771 |   404 ||  1533
       Reflection        |       |       |       |       |    16 |    29 ||    45
